 Dungeon Sprint DCSS version 0.27-a0-1217-g8a41f320e8 (webtiles) character file.

Game seed: 12614606746992396726

28447 mhtbhm the Sorcerer (level 13, -4/68 HPs)
             Began as a Deep Elf Earth Elementalist on June 6, 2021.
             Was the Champion of Vehumet.
             Slain by an emperor scorpion (11 damage)
             ... summoned by a royal mummy
             ... in the Dungeon (Sprint VII: "The Pits").
             The game lasted 00:11:22 (4696 turns).

mhtbhm the Sorcerer (Deep Elf Earth Elementalist)   Turns: 4696, Time: 00:11:22

Health: -4/68      AC:  4    Str:  5    XL:     13   Next: 9%
Magic:  15/45      EV: 16    Int: 30    God:    Vehumet [******]
Gold:   24         SH:  0    Dex: 15    Spells: 23/64 levels left

rFire    . . .     SeeInvis +   a - +7 rapier of Oqunn {freeze, rElec rPois rC- Int+4}
rCold    . . .     Faith    .   (no shield)
rNeg     . . .     Spirit   .   c - +0 robe
rPois    +         Reflect  .   s - +0 helmet
rElec    +         Harm     .   (no cloak)
rCorr    .         Rampage  .   r - +0 pair of gloves
Will     +....     NoTele   +   (no boots)
Stlth    +++.......             A - amulet of regeneration
HPRegen  1.21/turn              x - ring of see invisible
MPRegen  0.29/turn              z - ring of protection from cold

@: very slightly contaminated
A: no striking features
a: Renounce Religion


You were in the Dungeon.
You worshipped Vehumet.
Vehumet was exalted by your worship.
You visited 1 branch You collected 24 gold pieces.

Inventory:

Hand Weapons
 a - the +7 rapier of Oqunn (weapon) {freeze, rElec rPois rC- Int+4}
   (You took it off a minotaur in the Dungeon)

   It has been specially enchanted to freeze those struck by it, causing extra
   injury to most foes and up to half again as much damage against particularly
   susceptible opponents.
   It can also slow down cold-blooded creatures.
   It affects your intelligence (+4).
   It makes you vulnerable to cold.
   It insulates you from electricity.
   It protects you from poison.
Missiles
 b - 70 stones
 m - a curare-tipped dart (quivered)
Armour
 c - a +0 robe (worn)
 r - a +0 pair of gloves (worn)
 s - a +0 helmet (worn)
Magical Staves
 n - a staff of fire
 B - a staff of conjuration
Jewellery
 o - a +3 ring of dexterity
 x - a ring of see invisible (left hand)
 z - a ring of protection from cold (right hand)
 A - an amulet of regeneration (around neck)
Scrolls
 j - 7 scrolls of amnesia
 k - a scroll of summoning
 t - 2 scrolls of enchant armour
 u - 3 scrolls of identify
 v - a scroll of fear
 w - 2 scrolls of enchant weapon
 y - a scroll of immolation
Potions
 d - 6 potions of curing
 e - 10 potions of heal wounds
 f - 3 potions of haste
 g - a potion of magic
 h - 7 potions of berserk rage
 l - 2 potions of invisibility
 p - a potion of resistance
 q - 3 potions of brilliance
Miscellaneous
 i - a condenser vane


   Skills:
 - Level 2.4 Fighting
 + Level 7.7 Dodging
 + Level 6.6 Stealth
 + Level 26.2 Spellcasting
 + Level 1.1 Conjurations
 + Level 2.0 Transmutations
 * Level 8.2 Fire Magic
 + Level 23.5 Earth Magic


You had 23 spell levels left.
You knew the following spells:

 Your Spells              Type           Power      Damage    Failure   Level
a - Sandblast             Erth           100%       2d20      0%          1
b - Shock                 Conj/Air       100%       1d9       1%          1
c - Stone Arrow           Conj/Erth      100%       3d13      0%          3
d - Lee's Rapid Deconstr  Erth           55%        3d27*     0%          5
e - Petrify               Tmut/Erth      86%        N/A       1%          4
f - Conjure Ball Lightni  Conj/Air       21%        3x3d6     21%         6
g - Fireball              Conj/Fire      30%        3d13      1%          5
h - Ignition              Fire           36%        3d11      36%         8
i - Lehudib's Crystal Sp  Conj/Erth      42%        10d10     7%          8

Your spell library contained the following spells:

 Spells                   Type           Power      Damage    Failure   Level
 Passwall                 Tmut/Erth      71%        N/A       0%          2
 Corona                   Hex            43%        N/A       1%          1
 Magic Dart               Conj           100%       1d8       1%          1
 Blink                    Tloc           N/A        N/A       1%          2
 Call Imp                 Summ           39%        N/A       1%          2
 Ensorcelled Hibernation  Hex/Ice        78%        N/A       1%          2
 Slow                     Hex            39%        N/A       1%          2
 Sublimation of Blood     Necr           19%        N/A       1%          2
 Confusing Touch          Hex            39%        N/A       1%          3
 Conjure Flame            Conj/Fire      61%        6-21      1%          3
 Dazzling Flash           Conj/Hex       84%        N/A       1%          3
 Ignite Poison            Fire/Tmut/Pois 56%        N/A       1%          3
 Mephitic Cloud           Conj/Pois/Air  41%        N/A       1%          3
 Tukima's Dance           Hex            39%        N/A       1%          3
 Irradiate                Conj/Tmut      24%        3d21      2%          5
 Starburst                Conj/Fire      30%        8x6d9     4%          6
 Alistair's Intoxication  Tmut/Pois      30%        N/A       12%         5
 Eringya's Noxious Bog    Tmut/Pois      22%        N/A       17%         6


Dungeon Overview and Level Annotations

Branches:
Dungeon (1/1)

Altars:
Ashenzari
Cheibriados
Dithmenos
Elyvilon
Fedhas
Gozag
Hepliaklqana
Kikubaaqudgha
Makhleb
Nemelex Xobeh
Okawaru
Qazlal
Ru
Sif Muna
Trog
Uskayaw
Vehumet
Wu Jian
Xom
Yredelemnul
Zin
The Shining One
Beogh
Jiyva
Lugonu


Message History

Press: ? - help, Dir - move target, p - royal mummy A metal wall.
The metal wall shatters!
The blast of metal fragments hits the royal mummy!!
The royal mummy is heavily damaged.
The blast of metal fragments hits the emperor scorpion but does no damage.
You hear a roar!
The emperor scorpion barely misses you.
The emperor scorpion completely misses you.
The emperor scorpion claws you!
Unknown command.
Unknown command.
Casting: Lee's Rapid Deconstruction (safe; 0% risk of failure)
Confirm with . or Enter, or press ? or * to list all spells.
Aiming: Lee's Rapid Deconstruction (safe; 0% risk of failure)
Press: ? - help, Dir - move target A metal wall.
The metal wall shatters!
The blast of metal fragments hits the royal mummy!!
The royal mummy is heavily damaged.
The blast of metal fragments hits the emperor scorpion!!!
The emperor scorpion is heavily wounded.
The emperor scorpion stings you! The emperor scorpion claws you.
The emperor scorpion misses you.
Unknown command.
Unknown command.
Casting: Lee's Rapid Deconstruction (safe; 0% risk of failure)
Confirm with . or Enter, or press ? or * to list all spells.
Aiming: Lee's Rapid Deconstruction (safe; 0% risk of failure)
Press: ? - help, Dir - move target A metal wall.
The metal wall shatters!
The blast of metal fragments hits the royal mummy!!
The royal mummy is severely damaged.
The blast of metal fragments hits the emperor scorpion!
The emperor scorpion is heavily wounded.
The emperor scorpion stings you!!
* * * LOW HITPOINT WARNING * * *
The emperor scorpion misses you. The emperor scorpion claws you!
You die...

#+# #M# #s# #@#
#'#
################'#
...).............#
.................#
+##############..#
#..# #..# #..#


You could see a royal mummy and an emperor scorpion (summoned).

Vanquished Creatures
  An electric golem (D)
  A nagaraja (D)
  Nessos (D)
  A minotaur (D)
  An eidolon (D)
  A fire dragon (D)
  A hydra (D)
  A catoblepas (D)
  4 two-headed ogres (D)
  A death yak (D)
  2 deep trolls (D)
  2 sea snakes (D)
  A swamp dragon (D)
  A phantasmal warrior (D)
  A cyclops (D)
  A deep elf zephyrmancer (D)
  2 manticores (D)
  4 guardian serpents (D)
  2 smoke demons (D)
  Joseph (D)
  2 yaktaurs (D)
  A rime drake (D)
  A freezing wraith (D)
  A komodo dragon (D)
  2 demonic crawlers (D)
  An unseen horror (D)
  An ice devil (D)
  A guardian mummy (D)
  2 hellwings (D)
  A red devil (D)
  A merfolk (D)
  A jumping spider (D)
  A wind drake (D)
  2 hornets (D)
  3 blink frogs (D)
  A snapping turtle (D)
  A water elemental (D)
  A flying skull (D)
  A vampire (D)
  A tarantella (D)
  8 redbacks (D)
  2 spriggans (D)
  A shadow (D)
  A wyvern (D)
  Eustachio (D)
  3 yaks (D)
  A fire bat (D)
  A steam dragon (D)
  2 neqoxecs (D)
  An acid dragon (D)
  A floating eye (D)
  A black bear (D)
  An orc warrior (D)
  A sky beast (D)
  An ice beast (D)
  A wolf (D)
  An ogre (D)
  2 centaurs (D)
  A kobold brigand (D)
  A scorpion (D)
  2 bullfrogs (D)
  A gnoll sergeant (D)
  A small abomination (D)
  5 killer bees (D)
  A wight (D)
  2 orc priests (D)
  An iguana (D)
  An orc wizard (D)
  Terence (D)
  4 gnolls (D)
  An adder (D)
  An adder zombie (D)
  5 orcs (D)
  2 bat skeletons (D)
  3 giant cockroaches (D)
  A goblin (D)
  A kobold (D)
  A ball python (D)
  2 bats (D)
  A quokka simulacrum (D)
  A rat (D)
126 creatures vanquished.

Notes
Turn   | Place    | Note
-------+----------+-------------------------------------------
     0 | D        | mhtbhm the Deep Elf Earth Elementalist began the quest for
                  | the Orb.
     0 | D        | Reached XP level 1. HP: 10/10 MP: 6/6
    11 | D        | Reached skill level 4 in Spellcasting
    11 | D        | Reached XP level 2. HP: 15/15 MP: 5/9
    19 | D        | Found a bloodstained altar of Trog.
    19 | D        | Found a shimmering blue altar of Sif Muna.
    19 | D        | Found a viscous altar of Jiyva.
    19 | D        | Found a hazy altar of Hepliaklqana.
    19 | D        | Found an opulent altar of Gozag.
    20 | D        | Found a glowing golden altar of the Shining One.
    20 | D        | Found a glowing silver altar of Zin.
    20 | D        | Found a basalt altar of Yredelemnul.
    20 | D        | Found a shimmering altar of Xom.
    20 | D        | Found an ornate altar of the Wu Jian Council.
    20 | D        | Found a sacrificial altar of Ru.
    20 | D        | Found a stormy altar of Qazlal.
    20 | D        | Found an iron altar of Okawaru.
    20 | D        | Found a sparkling altar of Nemelex Xobeh.
    20 | D        | Found a burning altar of Makhleb.
    20 | D        | Found a blossoming altar of Fedhas.
    20 | D        | Found a white marble altar of Elyvilon.
    20 | D        | Found a shadowy altar of Dithmenos.
    20 | D        | Found a snail-covered altar of Cheibriados.
    22 | D        | Found a radiant altar of Vehumet.
    22 | D        | Found a corrupted altar of Lugonu.
    23 | D        | Found a hide-covered altar of Uskayaw.
    23 | D        | Found an ancient bone altar of Kikubaaqudgha.
    23 | D        | Found a broken altar of Ashenzari.
    30 | D        | Became a worshipper of Vehumet
    76 | D        | Noticed a scorpion
    85 | D        | Killed a scorpion
    86 | D        | Reached skill level 6 in Spellcasting
    86 | D        | Reached XP level 3. HP: 6/19 MP: 2/13
    86 | D        | Reached XP level 4. HP: 8/24 MP: 2/14
    91 | D        | HP: 1/24 [poisoned by a scorpion]
   373 | D        | Noticed a floating eye
   376 | D        | Killed a floating eye
   376 | D        | Reached * piety under Vehumet
   376 | D        | Offered knowledge of Shock by Vehumet.
   377 | D        | Reached skill level 8 in Spellcasting
   377 | D        | Reached XP level 5. HP: 28/28 MP: 12/18
   379 | D        | Learned a level 1 spell: Shock
   383 | D        | Learned a level 3 spell: Stone Arrow
   389 | D        | Learned a level 5 spell: Lee's Rapid Deconstruction
   394 | D        | Learned a level 4 spell: Petrify
   549 | D        | Offered knowledge of Freeze by Vehumet.
   549 | D        | Reached ** piety under Vehumet
   766 | D        | Noticed an ogre
   767 | D        | Noticed a fire bat
   767 | D        | Noticed a centaur
   772 | D        | Killed an ogre
   772 | D        | Offered knowledge of Conjure Flame by Vehumet.
   772 | D        | Killed a centaur
   772 | D        | Reached *** piety under Vehumet
   773 | D        | Reached skill level 5 in Dodging
   773 | D        | Reached skill level 5 in Stealth
   773 | D        | Reached skill level 10 in Spellcasting
   773 | D        | Reached XP level 6. HP: 32/32 MP: 9/21
   776 | D        | Noticed Terence
   777 | D        | Killed Terence
   783 | D        | Reached skill level 11 in Spellcasting
   988 | D        | Killed a fire bat
   988 | D        | Offered knowledge of Sticky Flame by Vehumet.
   989 | D        | Reached skill level 12 in Spellcasting
   989 | D        | Reached XP level 7. HP: 36/36 MP: 17/24
   989 | D        | Reached **** piety under Vehumet
  1166 | D        | Offered knowledge of Airstrike by Vehumet.
  1365 | D        | Reached ***** piety under Vehumet
  1365 | D        | Offered knowledge of Fireball by Vehumet.
  1366 | D        | Reached skill level 13 in Spellcasting
  1469 | D        | Noticed a flying skull
  1469 | D        | Noticed a merfolk
  1470 | D        | Killed a flying skull
  1471 | D        | Reached XP level 8. HP: 42/42 MP: 21/27
  1471 | D        | Noticed a guardian mummy
  1478 | D        | Killed a merfolk
  1479 | D        | Reached skill level 14 in Spellcasting
  1479 | D        | Killed a guardian mummy
  1874 | D        | Noticed a swamp dragon
  1882 | D        | Killed an unseen horror
  1883 | D        | Reached skill level 1 in Fighting
  1883 | D        | Reached skill level 15 in Spellcasting
  1883 | D        | Reached skill level 15 in Earth Magic
  1893 | D        | Killed a swamp dragon
  1894 | D        | Reached skill level 16 in Spellcasting
  1894 | D        | Reached XP level 9. HP: 36/47 MP: 7/31
  2162 | D        | Noticed a sea snake
  2166 | D        | Killed a sea snake
  2313 | D        | Noticed a phantasmal warrior
  2315 | D        | Reached skill level 17 in Spellcasting
  2317 | D        | Killed a phantasmal warrior
  2317 | D        | Offered knowledge of Iskenderun's Battlesphere by Vehumet.
  2395 | D        | Noticed a demonic crawler
  2396 | D        | Noticed a two-headed ogre
  2397 | D        | Noticed a jumping spider
  2398 | D        | Killed a two-headed ogre
  2399 | D        | Reached skill level 18 in Spellcasting
  2399 | D        | Reached XP level 10. HP: 53/53 MP: 18/34
  2400 | D        | Reached ****** piety under Vehumet
  2402 | D        | Noticed a catoblepas
  2403 | D        | Reached skill level 19 in Spellcasting
  2403 | D        | Noticed a manticore
  2425 | D        | Killed a catoblepas
  2426 | D        | Reached skill level 20 in Spellcasting
  2429 | D        | Killed a manticore
  2727 | D        | Noticed a deep elf zephyrmancer
  2728 | D        | Killed a deep elf zephyrmancer
  2731 | D        | Offered knowledge of Freezing Cloud by Vehumet.
  2735 | D        | Reached XP level 11. HP: 57/57 MP: 22/37
  2840 | D        | Noticed a spriggan rider
  2842 | D        | Reached skill level 21 in Spellcasting
  2858 | D        | Reached skill level 22 in Spellcasting
  3173 | D        | Noticed Eustachio
  3175 | D        | Offered knowledge of Bolt of Magma by Vehumet.
  3176 | D        | Killed Eustachio
  3190 | D        | Noticed a death yak
  3192 | D        | Killed a death yak
  3351 | D        | Noticed a two-headed ogre
  3355 | D        | Killed a two-headed ogre
  3356 | D        | Reached skill level 23 in Spellcasting
  3397 | D        | Noticed a spriggan rider
  3399 | D        | Offered knowledge of Conjure Ball Lightning by Vehumet.
  3715 | D        | Learned a level 6 spell: Conjure Ball Lightning
  3829 | D        | Noticed an eight-headed hydra
  3829 | D        | Noticed a nagaraja
  3834 | D        | Killed an eight-headed hydra
  3834 | D        | Offered knowledge of Eringya's Noxious Bog by Vehumet.
  3835 | D        | Reached XP level 12. HP: 45/63 MP: 30/41
  3835 | D        | Killed a nagaraja
  3836 | D        | Reached skill level 24 in Spellcasting
  3977 | D        | Learned a level 5 spell: Fireball
  3986 | D        | Learned a level 8 spell: Ignition
  4102 | D        | Noticed a two-headed ogre
  4104 | D        | Killed a two-headed ogre
  4104 | D        | Noticed an eidolon
  4106 | D        | Killed a two-headed ogre
  4106 | D        | Killed an eidolon
  4106 | D        | Offered knowledge of Lehudib's Crystal Spear by Vehumet.
  4110 | D        | Killed a fire dragon
  4111 | D        | Identified the +7 rapier of Oqunn {freeze, rElec rPois rC-
                  | Int+4}
  4111 | D        | Noticed a minotaur
  4112 | D        | Reached skill level 5 in Fire Magic
  4114 | D        | Reached skill level 25 in Spellcasting
  4114 | D        | Killed a minotaur
  4118 | D        | HP: 2/64 [guardian serpent (16)]
  4165 | D        | Noticed Nessos
  4168 | D        | Killed Nessos
  4179 | D        | Noticed Joseph
  4182 | D        | Killed Joseph
  4620 | D        | Learned a level 8 spell: Lehudib's Crystal Spear
  4628 | D        | Noticed an electric golem
  4631 | D        | Killed an electric golem
  4632 | D        | Reached skill level 26 in Spellcasting
  4632 | D        | Reached skill level 1 in Conjurations
  4632 | D        | Reached XP level 13. HP: 67/68 MP: 28/45
  4691 | D        | Noticed a royal mummy
  4694 | D        | Noticed an emperor scorpion
  4696 | D        | Slain by an emperor scorpion

Illustrated notes

Levels and vault maps discovered:
D:        pitsprint [storerooms_1, entrance_room_1, metal_vault_2, armoury_1,
          mini_pit_1, grid_room_1, main_hall_1, silver_pit, the_coven_3,
          the_vestibule_1, steel_vault_1, golden_pit, hallway_of_sentries,
          crystal_vault_4, iron_vault_5, final_vault]

Skill      XL: |  1  2  3  4  5  6  7  8  9 10 11 12 |
---------------+-------------------------------------+-----
Spellcasting   | 4 6 8 10 12 13 16 18 20 23 26 | 26.2
Earth Magic    | 4 7 9 11 12 13 15 17 19 21 23 | 23.5
Dodging        | 3 4 5 6 7 |  7.7
Stealth        | 3 4 5 6 |  6.6
Transmutations | 2 |  2.0
Fighting       | 1 2 |  2.4
Fire Magic     | 8 |  8.2
Conjurations   | 1 |  1.1

Action                   |  1- 3 |  4- 6 |  7- 9 | 10-12 | 13-15 || total
-------------------------+-------+-------+-------+-------+-------++-------
 Cast: Sandblast         |    10 |     3 |       |     1 |       ||    14
       Lee's Rapid Decon |       |     8 |    27 |    96 |     3 ||   134
       Lehudib's Crystal |       |       |       |     1 |     1 ||     2
  Use: Potion            |     1 |       |     3 |    15 |       ||    19
       Scroll            |       |       |       |     3 |       ||     3
Armor: Robe              |       |       |     1 |     8 |       ||     9
Dodge: Dodged            |     2 |       |     2 |    40 |     4 ||    48

Table legend: (Time is in decaauts)
 A = Elapsed time spent in this place.
 B = Non-inter-level travel time spent in this place.
 C = Inter-level travel time spent in this place.
 D = Time resting spent in this place.
 E = Time spent auto-exploring this place.
 F = Levels seen in this place.
 G = Mean time per level.
                   A        B        C        D        E       F      G
               +--------+--------+--------+--------+--------+-----+--------+
         Total |   4680 |   4680 |      0 |   3447 |    102 |   1 | 4680.0 |
       Dungeon |   4680 |   4680 |      0 |   3447 |    102 |   1 | 4680.0 |
               +--------+--------+--------+--------+--------+-----+--------+

Top non-repeatable levels by time:
       D: 4680 daAuts
